 Dungeon Crawl Stone Soup version 0.28-a0-233-gb8ca4b6547 (webtiles) character file.

Game seed: 12280700012252874196

199 siradein the Skirmisher (level 5, 0/42 HPs)
             Began as a Demonspawn Berserker on Aug 23, 2021.
             Was a Believer of Trog.
             Killed by nerve-wracking pain
             ... invoked by an orc priest
              (7 damage)
             ... on level 3 of the Dungeon.
             The game lasted 00:06:06 (2337 turns).

siradein the Skirmisher (Demonspawn Berserker)      Turns: 2337, Time: 00:06:06

Health: 0/42       AC:  8    Str: 19    XL:     5   Next: 48%
Magic:  5/5        EV: 11    Int:  8    God:    Trog [**....]
Gold:   72         SH:  0    Dex: 12    Spells: 4/4 levels left

rFire   . . .      SeeInvis .     - Unarmed
rCold   . . .      Faith    .   (no shield)
rNeg    . . .      Spirit   .   k - +3 ring mail
rPois   .          Reflect  .   (helmet restricted)
rElec   .          Harm     .   (no cloak)
rCorr   .          Rampage  .   (no gloves)
Will    .....                   (no boots)
Stlth   +.........              (no amulet)
HPRegen 0.14/turn               (no ring)
MPRegen 0.09/turn               (no ring)

@: no status effects
A: antennae 1, claws 1, hooves 1, foul stench 1
a: Renounce Religion, Berserk, Trog's Hand


You were on level 3 of the Dungeon.
You worshipped Trog.
Trog was pleased with you.
You visited 1 branch of the dungeon, and saw 3 of its levels.

You collected 72 gold pieces.

Inventory:

Armour
 k - a +3 ring mail (worn)
Scrolls
 b - a scroll of blinking {unknown}
 c - a scroll of fear {unknown}
 h - a scroll of identify {unknown}
 i - a scroll of enchant weapon {unknown}
Potions
 a - a potion of flight {unknown}
 d - a potion of mutation {unknown}
 e - a potion of heal wounds {unknown}
 f - a potion of degeneration {unknown}
 g - a potion of haste {unknown}
 j - a potion of brilliance {unknown}


   Skills:
 + Level 3.8 Fighting
 - Level 3.6 Long Blades
 + Level 2.7 Armour
 + Level 2.7 Dodging
 + Level 1.8 Unarmed Combat


You had 4 spell levels left.
You didn't know any spells.
Your spell library was empty.

Dungeon Overview and Level Annotations

Branches:
Dungeon (3/15)

Altars:


Innate Abilities, Weirdness & Mutations

You have a pair of small antennae on your head.
You have sharp fingernails.
You have large cloven feet.
You may rarely emit foul miasma when damaged in melee.


Message History

The orc shouts!
An orc is nearby!
An orc is nearby!
An orc is nearby!
An orc is nearby!
An orc warrior comes into view. It is wielding a +0 dire flail.
The orc barely misses you.
You closely miss the orc.
The orc warrior shouts!
You kick the orc.
You kill the orc!
Trog accepts your kill.
You hear a shout!
The orc warrior hits you with a +0 dire flail!
You emit a cloud of foul miasma!
Things that are here:
a +0 flail; an orc corpse You scratch the orc warrior but do no damage.
The orc warrior is engulfed in dark miasma.
The orc warrior is poisoned.
The orc warrior seems to slow down.
The orc warrior hits you with a +0 dire flail!
An orc priest comes into view. It is wielding a +0 club.
You are too injured to fight recklessly!
You are too injured to fight recklessly!
You are too injured to fight recklessly!
You are too injured to fight recklessly!
Unknown command.
The orc priest calls down the wrath of Beogh upon you.
Beogh smites you!
* * * LOW HITPOINT WARNING * * *
The orc warrior is engulfed in dark miasma.
The orc warrior looks even sicker.
You kill the orc warrior!
Trog accepts your kill.
You have reached level 5!
Your demonic ancestry asserts itself...
A pair of antennae grows on your head!
The orc priest mumbles some strange prayers to Beogh against you.
Pain shoots through your body!
You die...

##########
#..).....##
#.)..o..#
#.####..#
#.......#
#..####.#
#......@#
#...###.#######
#.............#
##.......####.#
##.###.#<..# ..
#.#.#.# ##
#.### # #..
####


You could see an orc priest.

Vanquished Creatures
  An orc warrior (D:3)
  Terence (D:2)
  A hound skeleton (D:2)
  A gnoll (D:1)
  An adder (D:2)
  A worm (D:2)
  A dart slug (D:2)
  An orc (D:3)
  7 endoplasms
  5 giant cockroaches
  4 goblins
  4 hobgoblins
  4 jackals (D:2)
  3 kobolds
  A quokka (D:1)
  3 ball pythons
  A bat (D:1)
  2 frilled lizards (D:2)
42 creatures vanquished.

Notes
Turn   | Place    | Note
-------+----------+-------------------------------------------
     0 | D:1      | siradein the Demonspawn Berserker began the quest for the
                  | Orb.
     0 | D:1      | Reached XP level 1. HP: 18/18 MP: 1/1
   379 | D:1      | Gained mutation: You have large cloven feet. [demonic
                  | ancestry]
   379 | D:1      | Reached XP level 2. HP: 15/24 MP: 2/2
  1071 | D:2      | Noticed Terence
  1087 | D:2      | Killed Terence
  1088 | D:2      | Gained mutation: You may rarely emit foul miasma when
                  | damaged in melee. [demonic ancestry]
  1088 | D:2      | Reached XP level 3. HP: 29/29 MP: 3/3
  1249 | D:2      | Gained mutation: You have sharp fingernails. [demonic
                  | ancestry]
  1249 | D:2      | Reached XP level 4. HP: 27/35 MP: 4/4
  1360 | D:2      | Reached skill level 1 in Unarmed Combat
  1381 | D:2      | Found a faded altar of an unknown god.
  1625 | D:2      | Reached ** piety under Trog
  2327 | D:3      | Noticed an orc warrior
  2331 | D:3      | Killed an orc warrior
  2332 | D:3      | Gained mutation: You have a pair of small antennae on your
                  | head. [demonic ancestry]
  2332 | D:3      | Reached XP level 5. HP: 6/42 MP: 5/5
  2337 | D:3      | Killed from afar by an orc priest

Illustrated notes

Levels and vault maps discovered:
D:1:      scummos_arrival_forest, layout_basic, minmay_misc_feat_encased
D:2:      layout_loops_ring, shapermc_ecumenical_altar_rom_forum,
          grunt_decor_arrowhead, hangedman_decor_opposing, minmay_domino_4,
          uniq_terence
D:3:      layout_basic, fedhas_altar_fruit_tree, uniq_robin, uniq_grinder

Skill      XL: |  1  2  3  4 |
---------------+-------------+-----
Long Blades    | 3 |  3.6
Armour         | 2 |  2.7
Dodging        | 2 |  2.7
Unarmed Combat | 1 |  1.8
Fighting       | |  3.8

Action                   |  1- 3 |  4- 6 || total
-------------------------+-------+-------++-------
Melee: Falchion          |    35 |       ||    35
       Unarmed           |    38 |    59 ||    97
       Kick              |    17 |    23 ||    40
Invok: Berserk           |     1 |       ||     1
 Stab: Sleeping          |     1 |       ||     1
Armor: Scale mail        |    37 |    18 ||    55
       Ring mail         |       |     8 ||     8
Dodge: Dodged            |    39 |    27 ||    66
       Rpst.: Falchion   |     7 |       ||     7

Table legend: (Time is in decaauts)
 A = Elapsed time spent in this place.
 B = Non-inter-level travel time spent in this place.
 C = Inter-level travel time spent in this place.
 D = Time resting spent in this place.
 E = Time spent auto-exploring this place.
 F = Levels seen in this place.
 G = Mean time per level.
                   A        B        C        D        E       F      G
               +--------+--------+--------+--------+--------+-----+--------+
         Total |   2349 |   2306 |     43 |      2 |   1981 |   3 |  783.0 |
       Dungeon |   2349 |   2306 |     43 |      2 |   1981 |   3 |  783.0 |
               +--------+--------+--------+--------+--------+-----+--------+

Top non-repeatable levels by time:
     D:2: 1269 daAuts
     D:1: 1055 daAuts
     D:3: 25 daAuts
